Unix NetHack Version 5.0.0-0 post-release - last build May  3 2026 23:40:34 (9823c992c0763bbd039eca2974112f46eaf799b3,branch:main).

Game began 2026-05-04 04:44:19, ended 2026-05-04 05:23:58.

08245982402, neutral male human Wizard

         -------------
         |..........<+
         |......?....|####
         .............###
         |...........|  #    ----------
         - -----------  ##  #|.....{..|
                         ####.........|
                            #|........|
                             |......>.|
                             |........|#
             -----.---       |.........#######
             |%.{....|       ---------- #    #####   --------
             |.....|.|                            #  .....$.|
             |.....*.-#####################x@e#####..S......|
             ---------                              ........|
                                                    ---------

08245982402 the Conjurer  St:9 Dx:14 Co:16 In:18 Wi:9 Ch:10  Neutral
Dlvl:4  $:48 HP:0(25) Pw:25(25) AC:9  Xp:3 T:2270  Fainting

Latest messages:
 You get zapped!
 The grid bug bites!
 You get zapped!
 The grid bug bites!
 You get zapped!
 The grid bug bites!
 You get zapped!
 The grid bug bites!
 You get zapped!
 The grid bug bites!
 You get zapped!
 The grid bug bites!
 You get zapped!
 The grid bug bites!
 You get zapped!
 The grid bug bites!
 You avoid harm.
 The grid bug bites!
 You get zapped!
 The grid bug bites!
 You get zapped!
 The grid bug bites!
 You get zapped!
 The grid bug bites!
 You get zapped!
 The grid bug bites!
 You get zapped!
 The grid bug bites!
 You get zapped!
 The grid bug bites!
 You avoid harm.
 Your garter snake corpse rots away.
 The grid bug bites!
 You get zapped!
 The grid bug bites!
 You avoid harm.
 The grid bug bites!
 You get zapped!
 The grid bug bites!
 You get zapped!
 The grid bug bites!
 You get zapped!
 The grid bug bites!
 You get zapped!
 You die...
 Do you want your possessions identified? [ynq] (y) y
 Do you want to see your attributes? [ynq] (y) y
 Do you want an account of creatures vanquished? [ynaq] (y) y
 Do you want to see your conduct and achievements? [ynq] (y) y
 Do you want to see the dungeon overview? [ynq] (y) y

Inventory:
 Coins    ('$')
  $ - 48 gold pieces
 Amulets  ('"')
  w - an uncursed amulet of ESP
 Weapons  (')')
  x - a +0 orcish dagger
  a - a blessed +1 quarterstaff (weapon in hands)
 Armor    ('[')
  b - an uncursed +0 cloak of magic resistance (being worn)
 Comestibles  ('%')
  C - 2 uncursed food rations
  q - 3 uncursed lichen corpses
 Scrolls  ('?')
  D - an uncursed scroll of charging
  s - an uncursed scroll of create monster
  p - an uncursed scroll of earth
  i - an uncursed scroll of enchant armor
  h - a blessed scroll of identify
  j - an uncursed scroll of identify
  o - a cursed scroll of teleportation
 Spellbooks  ('+')
  k - a blessed spellbook of force bolt
  l - an uncursed spellbook of identify
 Potions  ('!')
  f - an uncursed potion of fruit juice
  g - 2 uncursed potions of restore ability
 Rings    ('=')
  d - a blessed +2 ring of gain strength
  e - an uncursed +1 ring of increase accuracy
  v - an uncursed ring of polymorph control
 Wands    ('/')
  c - a wand of cold (0:4)
  z - a wand of speed monster (0:5)
 Tools    ('(')
  t - an uncursed figurine of a small mimic
  m - a magic marker (0:20)
 Gems/Stones  ('*')
  B - an uncursed garnet stone
  E - an uncursed worthless piece of yellow glass

08245982402 the Wizard's attributes:

Background:
 You were a Conjurer, a level 3 male human Wizard.
 You were neutral, nominally on a mission for Thoth
 who was opposed by Ptah (lawful) and Anhur (chaotic).
 You were right-handed.
 You were in the Dungeons of Doom, on level 4.
 You entered the dungeon 2270 turns ago.
 It was nighttime.
 There was a full moon in effect when your adventure ended.
 You had 63 experience points, 17 more were needed to attain level 4.

Basics:
 You had 0 out of 25 hit points.
 You had all 25 energy points (spell power).
 Your armor class was 9.
 Your wallet contained 48 zorkmids.
 Autopickup was off.

Final Characteristics:
 Your strength was 9 (base:10, limit:18/100).
 Your dexterity was 14 (limit:18).
 Your constitution was 16 (limit:18).
 Your intelligence was 18 (limit:18).
 Your wisdom was 9 (limit:18).
 Your charisma was 10 (limit:18).

Final Status:
 You were fainting due to starvation.
 You were unencumbered.
 You were wielding a quarterstaff.
 You had basic skill with quarterstaff.

Final Attributes:
 You were piously aligned.
 You were magic-protected.
 You were warded.
 You were lucky.
 You are dead.

Miscellaneous:
 You didn't encounter any bones levels.
 Total elapsed playing time was 39 minutes and 21 seconds.

Major events:
 Turn
    1: 08245982402 the neutral male human Wizard entered the dungeon
 1125: attained the rank of Conjurer (level 3)
 2270: killed by a grid bug, while frozen by a floating eye's gaze

Spells:
 Name                 Level Category     Fail Retention
 force bolt             1   attack         0%   81%-90%
 identify               3   divination    79%  76%-100%

Skills:
 Fighting Skills
   bare handed combat [Unskilled]
   riding             [Unskilled]
 Weapon Skills
   dagger             [Unskilled]
   knife              [Unskilled]
   axe                [Unskilled]
   short sword        [Unskilled]
   club               [Unskilled]
   mace               [Unskilled]
   quarterstaff       [Basic]
   polearms           [Unskilled]
   spear              [Unskilled]
   trident            [Unskilled]
   sling              [Unskilled]
   dart               [Unskilled]
   shuriken           [Unskilled]
 Spellcasting Skills
   attack spells      [Basic]
   healing spells     [Unskilled]
   divination spells  [Unskilled]
   enchantment spells [Basic]
   clerical spells    [Unskilled]
   escape spells      [Unskilled]
   matter spells      [Unskilled]

Voluntary challenges:
 Character rerolling was not enabled.
 You followed a strict vegan diet.
 You were an atheist.
 You were illiterate.
 You never genocided any monsters.
 You never polymorphed an object.
 You never changed form.
 You used no wishes.
Achievement:
 You attained the rank of Conjurer.

 The Dungeons of Doom: levels 1 to 4
    Level 1:
       A fountain, a grave.
    Level 2:
       Many altars.
    Level 3:
       A fountain, some sinks.
    Level 4: <- You were here.
       Some fountains, a grave.
       Final resting place for
          you, killed by a grid bug, while frozen by a floating eye's gaze.


Vanquished creatures:
 an iguana
  2 acid blobs
  a giant rat
  a cave spider
  a yellow mold
  a red mold
  a garter snake
  2 geckos
  3 jackals
  3 kobolds
  a goblin
  3 grid bugs
  7 lichens
  a kobold zombie
  5 newts
33 creatures vanquished.

No species were genocided or became extinct.

Game over:
                       ----------
                      /          \
                     /    REST    \
                    /      IN      \
                   /     PEACE      \
                  /                  \
                  |   08245982402    |
                  |      48 Au       |
                  | killed by a grid |
                  |       bug        |
                  |                  |
                  |                  |
                  |       2026       |
                 *|     *  *  *      | *
        _________)/\\_//(\/(/\)/\//\/|_)_______

Goodbye 08245982402 the Wizard...

You died in The Dungeons of Doom on dungeon level 4 with 446 points,
and 48 pieces of gold, after 2270 moves.
You were level 3 with a maximum of 25 hit points when you died.

